Cogmind - Beta 14 @@@ ROGUE MODE // 2024.10.10 @ 21:58:27 Player: LordRauschebart Result: Destroyed by G-67 Veteran with Plasma Rifle Performance ------------- Evolutions (1) 500 Regions Visited (5) 1000 Robots Destroyed (20) 100 Value Destroyed (439) 439 Prototype IDs (0) 0 Alien Tech Used (0) 0 Bonus (552) 552 TOTAL SCORE: 2591 Bonus ------- Follower Combat Kills 100 Met Imprinter 300 Was Imprinted 300 Friendly Fire -148 Cogmind --------- Core Integrity 0/400 Matter 220/300 Energy 85/100 System Corruption 1% Temperature Hot (209) Movement Core (50) Location -6/Proximity Caves Parts ------- > --- POWER (1) -------- (None) > --- PROPULSION (4) --- (None) > --- UTILITY (2) ------ Core Analyzer > --- WEAPON (2) ------- Heavy Hammer > --- INVENTORY (5) ---- Light Ion Engine Hacking Suite Peak State ------------ > --- POWER ------------ Light Angular Momentum Engine > --- PROPULSION ------- Aluminum Leg Carbon-fiber Leg Carbon-fiber Leg Carbon-fiber Leg > --- UTILITY ---------- Sensor Array Core Analyzer > --- WEAPON ----------- Beamcaster Magnetic Acceleration Cannon > --- INVENTORY -------- Light Ion Engine Hacking Suite Gauss Rifle Grenade Launcher Heavy Hammer [Rating: 31] Favorites ----------- Power Light Ion Engine Engine Light Ion Engine Propulsion Aluminum Leg Leg Aluminum Leg Utility Small Storage Unit Device Sensor Array Storage Small Storage Unit Processor Core Analyzer Weapon Heavy Hammer Energy Gun Medium Laser Energy Cannon Plasma Cannon Ballistic Gun Assault Rifle Ballistic Cannon Advanced Assault Cannon Launcher Grenade Launcher Impact Weapon Heavy Hammer Build | -11 -10 -9 -9 -7 -6 ------- Run | Yrd Mat Mat Min Zio Pro Slots Evolved 2 | . . 2 . . . Power . | . . . . . . Propulsion 2 | . . 2 . . . Utility . | . . . . . . Weapon . | . . . . . . Parts Attached 30 | 6 3 3 1 4 13 Power 4 | 1 . . . 1 2 Engine 4 | 1 . . . 1 2 Core . | . . . . . . Reactor . | . . . . . . Propulsion 9 | 1 1 2 . 2 3 Treads . | . . . . . . Leg 9 | 1 1 2 . 2 3 Wheel . | . . . . . . Hover . | . . . . . . Flight . | . . . . . . Utility 5 | 2 1 1 . . 1 Device 2 | . 1 1 . . . Storage 2 | 2 . . . . . Processor 1 | . . . . . 1 Hackware . | . . . . . . Protection . | . . . . . . Artifact . | . . . . . . Weapon 12 | 2 1 . 1 1 7 Energy Gun 3 | 1 . . . . 2 Energy Cannon 1 | . . . . . 1 Ballistic Gun 2 | 1 . . . . 1 Ballistic Cannon 2 | . . . . 1 1 Launcher 2 | . 1 . . . 1 Special Weapon . | . . . . . . Impact Weapon 2 | . . . 1 . 1 Slashing Weapon . | . . . . . . Piercing Weapon . | . . . . . . Special Melee Weapon . | . . . . . . Unidentified Prototypes . | . . . . . . Parts Lost 12 | . . . . . 12 Power 1 | . . . . . 1 Propulsion 6 | . . . . . 6 Utility 1 | . . . . . 1 Weapon 4 | . . . . . 4 Highest Loss Streak 10 | . . . . . 10 To Critical Strikes . | . . . . . . Average Slot Usage (%) 95 | . 95 99 100 100 82 Engine 11 | . 14 11 11 11 10 Leg 37 | . 23 43 44 44 28 Device 10 | . 6 11 11 11 10 Storage 11 | . 21 11 11 11 6 Energy Cannon 1 | . . . . . 7 Ballistic Gun 3 | . 14 11 11 . . Ballistic Cannon 7 | . . . . 10 10 Launcher 2 | . 12 11 9 . . Impact Weapon 6 | . . . 1 11 1 Peak Build Rating 31 | 6 8 10 10 23 31 Average Rating 14 | 5 7 9 9 16 23 On Entrance 9 | . 6 8 9 10 23 Naked Turns . | . . . . . . Heaviest Build 31 | 13 15 15 14 19 31 Greatest Support 65 | 10 20 40 40 55 65 Greatest Overweight (x) 1 | 1 1 . . . 1 Average Overweight (x) . | . . . . . . Largest Inventory Capacity 8 | 8 8 8 8 8 8 Average Capacity 7 | 7 8 8 8 8 6 Most Carried 8 | 5 8 7 8 8 8 Average Carried 7 | 4 6 6 7 7 6 Final Capacity 8 | 8 8 8 8 8 5 Final Carried 8 | 5 8 7 8 8 2 Class Distribution -------------------- 78% | Mutant 18% | Derelict-Mutant Dominant Class ---------------- Mutant | -10/Materials Mutant | -9/Materials Mutant | -9/Mines Mutant | -7/Zion Mutant | -6/Proximity Caves Resources | -11 -10 -9 -9 -7 -6 ----------- Run | Yrd Mat Mat Min Zio Pro Matter Collected 831 | 349 106 . 46 158 172 Remotely . | . . . . . . Salvage Created 532 | 112 208 . . . 212 Parts 45 | 11 19 . 3 . 12 Haulers Intercepted . | . . . . . . Recyclers Shooed . | . . . . . . Parts Field Recycled . | . . . . . . Retrieved Matter . | . . . . . . Parts Self-Destructed 22 | . . . . 2 20 Prevented . | . . . . . . Kills | -11 -10 -9 -9 -7 -6 ------- Run | Yrd Mat Mat Min Zio Pro Combat Hostiles Destroyed 11 | . 5 . 1 . 5 Melee 1 | . . . . . 1 Cannons 2 | . . . . . 2 AOE 6 | . 5 . 1 . . Classes Destroyed 9 | 3 3 . 1 . 2 Worker 1 | 1 . . . . . Builder 1 | . 1 . . . . Tunneler 3 | 2 1 . . . . Recycler 2 | 1 1 . . . . Watcher 1 | . 1 . . . . Swarmer 4 | . . . 1 . 3 Grunt 5 | . 5 . . . . Duelist 1 | . . . . . 1 Programmer 1 | . . . . . 1 Thug 1 | . . . . . 1 Best Kill Streak 5 | 2 5 . 1 . 2 Combat Bots Only 3 | . 3 . 1 . 2 Max Kills in Single Turn 3 | 2 3 . 1 . 1 Gunslinging . | . . . . . . Exploded 2 | . 2 . 1 . . Melee 1 | . . . . . 1 Uniques/NPCs Destroyed . | . . . . . . Combat | -11 -10 -9 -9 -7 -6 -------- Run | Yrd Mat Mat Min Zio Pro Hostile Shots Fired 116 | . 12 . 11 . 93 Missed 28 | . 6 . 4 . 18 Damage Taken 1614 | . 56 . 62 . 1496 Core 412 | . 10 . . . 402 Absorbed by Shields 12 | . 12 . . . . Core Remaining (%) 98 | 100 96 . . . . Volleys Fired 57 | 13 14 3 3 . 24 Largest 2 | 2 2 1 2 . 2 Hottest 128 | 70 50 20 50 . 128 Shots Fired 95 | 26 25 3 6 . 35 Gun 51 | 26 14 3 3 . 5 Cannon 29 | . . . . . 29 Launcher 15 | . 11 . 3 . 1 Special . | . . . . . . Kinetic 60 | 13 14 3 3 . 27 Thermal 20 | 13 . . . . 7 Explosive 15 | . 11 . 3 . 1 Electromagnetic . | . . . . . . Robot Hit Streak 7 | 4 7 . 1 . 6 Robot Miss Streak 9 | 9 2 4 5 . 4 Penetration Max . | . . . . . . Secondary Targets . | . . . . . . Shots Hit Robots 42 | 10 9 . 1 . 22 Core Hits 31 | 5 13 . 3 . 10 Critical Kills 1 | . . . . . 1 Critical Parts Destroyed . | . . . . . . Critical Strikes 2 | 1 . . . . 1 Burn 1 | 1 . . . . . Meltdown 1 | . . . . . 1 Melee Attacks 4 | . . . . . 4 Impact 4 | . . . . . 4 Slashing . | . . . . . . Piercing . | . . . . . . Sneak Attacks . | . . . . . . Combat Hostiles . | . . . . . . Follow-up Attacks . | . . . . . . Damage Inflicted 1406 | 135 538 . 85 . 648 Guns 275 | 135 44 . 11 . 85 Cannons 450 | . . . . . 450 Explosions 600 | . 494 . 74 . 32 Melee 81 | . . . . . 81 Ramming . | . . . . . . Kinetic 541 | 73 44 . 11 . 413 Thermal 184 | 62 . . . . 122 Explosive 600 | . 494 . 74 . 32 Electromagnetic . | . . . . . . Impact 81 | . . . . . 81 Slashing . | . . . . . . Piercing . | . . . . . . Highest Corruption 1 | . . . . . 1 Average Corruption 1 | . . . . . 1 Corruption Purged . | . . . . . . Corruption Blocked . | . . . . . . Effects 2 | . . . . . 2 Matter Fused 1 | . . . . . 1 Misfires 1 | . . . . . 1 Overload Shots . | . . . . . . Overflow Damage 18 | . . . . . 18 Projectiles 3 | . . . . . 3 Explosions . | . . . . . . Melee 15 | . . . . . 15 Knockbacks 8 | . . . . . 8 Impact 1 | . . . . . 1 Kinetic 6 | . . . . . 6 Secondary 1 | . . . . . 1 Self-Inflicted Damage . | . . . . . . Shots . | . . . . . . Rammed . | . . . . . . Targets Rammed . | . . . . . . Kicked . | . . . . . . Crushed . | . . . . . . Highest Temperature 359 | 36 5 . . . 359 Average Temperature 108 | 14 2 . . . 151 Received Heat Transfer 385 | . 31 . . . 354 Effects 1 | . . . . . 1 Energy Bleed 1 | . . . . . 1 Siege Activations . | . . . . . . Robots Corrupted 1 | . . . . . 1 Combat Hostiles 1 | . . . . . 1 Parts Fried 1 | . . . . . 1 Impact Corruptions 1 | . . . . . 1 Robots Melted 1 | . . . . . 1 Combat Hostiles 1 | . . . . . 1 Parts Melted . | . . . . . . Heat Transferred 483 | 259 . . . . 224 Parts Sabotaged . | . . . . . . Parts Stolen . | . . . . . . Parts Stripped . | . . . . . . Power Chain Reactions . | . . . . . . Alert | -11 -10 -9 -9 -7 -6 ------- Run | Yrd Mat Mat Min Zio Pro Peak Influence 229 | 20 229 96 97 . . Initial 96 | . 13 96 37 . . Average 63 | 9 86 96 91 . . Maximum Alert Level 1 | . 1 . . . . Low Security (%) 96 | 100 91 100 100 . . Level 1 3 | . 8 . . . . Level 2 . | . . . . . . Level 3 . | . . . . . . Level 4 . | . . . . . . Level 5 . | . . . . . . High Security . | . . . . . . Max Security . | . . . . . . Squads Dispatched 5 | . 2 2 . . 1 Investigation 2 | . 1 1 . . . Extermination . | . . . . . . Reinforcement 2 | . 1 1 . . . Assault 1 | . . . . . 1 Garrison . | . . . . . . Intercept . | . . . . . . Searches Triggered . | . . . . . . Construction Impeded . | . . . . . . Haulers Reinforced . | . . . . . . Active Scanning Responses . | . . . . . . Cargo Convoy Interrupts . | . . . . . . Stealth | -11 -10 -9 -9 -7 -6 --------- Run | Yrd Mat Mat Min Zio Pro Distress Signals . | . . . . . . Communications Jammed . | . . . . . . Distress Signals . | . . . . . . Times Spotted 31 | . 7 2 3 . 19 Peak Tracking Total 9 | . 3 2 3 . 9 Tactical Retreats 1 | . . . . . 1 Traps | -11 -10 -9 -9 -7 -6 ------- Run | Yrd Mat Mat Min Zio Pro Traps Triggered 2 | . 1 1 . . . Indirectly . | . . . . . . Trap Hack Attempts . | . . . . . . Triggered . | . . . . . . Disarmed . | . . . . . . Reprogrammed . | . . . . . . Reused . | . . . . . . Traps Extracted . | . . . . . . Installed . | . . . . . . Triggered . | . . . . . . Machines | -11 -10 -9 -9 -7 -6 ---------- Run | Yrd Mat Mat Min Zio Pro Machines Disabled . | . . . . . . Max in Single Turn . | . . . . . . Machines Repaired . | . . . . . . Machines Dismantled . | . . . . . . Machines Sabotaged . | . . . . . . Overloaded Fab Kills . | . . . . . . Hacking | -11 -10 -9 -9 -7 -6 --------- Run | Yrd Mat Mat Min Zio Pro Machines Accessed 3 | . 2 . 1 . . Terminals 3 | . 2 . 1 . . Fabricators . | . . . . . . Repair Stations . | . . . . . . Recycling Units . | . . . . . . Scanalyzers . | . . . . . . Garrison Access . | . . . . . . Total Hacks 10 | . 7 . 3 . . Successful 4 | . 3 . 1 . . Failed 6 | . 4 . 2 . . Catastrophic . | . . . . . . Database Lockouts . | . . . . . . Manual 10 | . . . . 10 . Terminals 10 | . 7 . 3 . . Fabricators . | . . . . . . Repair Stations . | . . . . . . Recycling Units . | . . . . . . Scanalyzers . | . . . . . . Garrison Access . | . . . . . . Terminal Hacks 4 | . 3 . 1 . . Alert Level 2 | . 2 . . . . Investigation Status 1 | . . . 1 . . Zone Layout 1 | . 1 . . . . Fabricator Hacks . | . . . . . . Repair Station Hacks . | . . . . . . Recycling Unit Hacks . | . . . . . . Scanalyzer . | . . . . . . Garrison Access Hacks . | . . . . . . Unauthorized Hacks . | . . . . . . Terminals . | . . . . . . Fabricators . | . . . . . . Repair Stations . | . . . . . . Recycling Units . | . . . . . . Scanalyzers . | . . . . . . Garrison Access . | . . . . . . Data Cores Recovered . | . . . . . . Used . | . . . . . . Hacking Detections 2 | . 2 . . . . Full Trace Events 1 | . 1 . . . . Feedback Events . | . . . . . . Feedback Blocked . | . . . . . . Robot Schematics Acquired 1 | . . . . 1 . Robots Built . | . . . . . . Authchips . | . . . . . . Time . | . . . . . . Total Robot Build Rating . | . . . . . . Part Schematics Acquired 8 | . . . . 8 . Parts Built . | . . . . . . Authchips . | . . . . . . Time . | . . . . . . Total Part Build Rating . | . . . . . . Parts Repaired . | . . . . . . Time . | . . . . . . Parts Recycled . | . . . . . . Recycled Matter . | . . . . . . Retrieved Matter . | . . . . . . Retrieved Components . | . . . . . . Parts Scanalyzed . | . . . . . . Part Schematics Acquired . | . . . . . . Parts Damaged . | . . . . . . Bothacking | -11 -10 -9 -9 -7 -6 ------------ Run | Yrd Mat Mat Min Zio Pro Used RIF Installer . | . . . . . . Robots Hacked . | . . . . . . Non-combat . | . . . . . . Combat . | . . . . . . Robot Hacks Applied . | . . . . . . Relay Couplers Released . | . . . . . . Fabnet Peak Effective % . | . . . . . . Robots Rewired . | . . . . . . Allies Hacked . | . . . . . . Hacks Repelled . | . . . . . . Allies | -11 -10 -9 -9 -7 -6 -------- Run | Yrd Mat Mat Min Zio Pro Total Allies 11 | . . . 1 10 . Largest Group 11 | . . . 1 11 4 Highest-Rated Group 338 | . . . 31 338 98 Highest-Rated Ally 40 | . . . 31 40 31 Total Orders . | . . . . . . Ally Attacks 21 | . . . . . 21 Total Damage 229 | . . . . . 229 Kills 6 | . . . . . 6 Allies Corrupted . | . . . . . . Allies Melted . | . . . . . . Intel | -11 -10 -9 -9 -7 -6 ------- Run | Yrd Mat Mat Min Zio Pro Robot Analysis Total . | . . . . . . Derelict Logs Recovered 1 | . . . . 1 . Drone Launches . | . . . . . . Drone Recoveries . | . . . . . . Exploration | -11 -10 -9 -9 -7 -6 ------------- Run | Yrd Mat Mat Min Zio Pro Turns Passed 2699 | 281 367 127 82 1312 530 Spaces Moved 1797 | 132 230 98 59 1008 270 Core 9 | 9 . . . . . Treads . | . . . . . . Legs 1788 | 123 230 98 59 1008 270 Wheels . | . . . . . . Hover . | . . . . . . Flight . | . . . . . . Fastest Speed 50 | 50 120 120 120 120 120 Average Speed 133 | 174 137 120 120 121 161 Slowest Speed 190 | 190 190 120 120 125 190 Overloaded Moves . | . . . . . . Propulsion Burnouts . | . . . . . . Robots Hopped . | . . . . . . Cave-ins Triggered . | . . . . . . Exploration Rate (%) 36 | 8 44 15 18 88 44 Regions Visited 5 Branch Regions 3 Pre-discovered Areas 1 | . . . 1 . . Known Exits Taken . | . . . . . . Unknown Exits Taken 5 | 1 1 1 1 1 . Scrap Searched 9 | . . . 1 4 4 Spaces Dug . | . . . . . . Terrain Destroyed 82 | . 47 . 20 . 15 Melee . | . . . . . . Projectile 9 | . . . . . 9 AOE 73 | . 47 . 20 . 6 Terrain Rammed . | . . . . . . Walls Destroyed . | . . . . . . Machines Disabled . | . . . . . . Actions | -11 -10 -9 -9 -7 -6 --------- Run | Yrd Mat Mat Min Zio Pro Total 1999 | 155 254 104 63 1099 324 Wait 74 | . . . . 73 1 Move 1792 | 131 229 97 58 1007 270 Hop . | . . . . . . Pick Up 21 | 5 6 1 1 6 2 Fast Attach 12 | 6 . . . . 6 Attach 6 | . 1 2 . . 3 Detach . | . . . . . . Swap 12 | . 2 1 1 4 4 Drop 21 | . 2 . . 9 10 Fire 57 | 13 14 3 3 . 24 Melee 4 | . . . . . 4 Ram . | . . . . . . Kick . | . . . . . . Crush . | . . . . . . Escape Stasis . | . . . . . . Rewire . | . . . . . . Trap . | . . . . . . Miscellaneous . | . . . . . . Route ------- -11/Scrapyard -10/Materials -9/Materials -9/Mines -7/Zion -6/Proximity Caves History --------- Turn | Location | Event 14 | -11/Scrapyard | Discovered new exit (range 16) 282 | -11/Scrapyard | Entered Materials 302 | -10/Materials | Build established: Mutant 626 | -10/Materials | Discovered new exit (range 16) 649 | -10/Materials | Entered another Materials area 649 | -9/Materials | Evolved 2 slots: Propulsion x2 746 | -9/Materials | Discovered new exit (range 16) 776 | -9/Materials | Entered Mines 786 | -9/Mines | Escorted by a lone wolf Derelict 806 | -9/Mines | Learned location of Storage (-7) 850 | -9/Mines | A Derelict revealed a hidden shortcut to a safe place 858 | -9/Mines | Entered Zion 858 | -7/Zion | Accompanied by 1 ally 949 | -7/Zion | Learned location of 1 exit from Factory 1023 | -7/Zion | Gained Derelict followers 1244 | -7/Zion | Acquired unknown access codes intercepted by a Zionite 1305 | -7/Zion | Met Imprinter 1393 | -7/Zion | Imprinted 1395 | -7/Zion | Declared Zion's savior 1794 | -7/Zion | Discovered new exit (range 13) 1802 | -7/Zion | Received a hallucinogenic algorithm 1895 | -7/Zion | Given A8's code to call for help 2058 | -7/Zion | Build established: Derelict-Mutant 2170 | -7/Zion | Entered Proximity Caves 2170 | -6/Proximity Caves | Accompanied by 4 allies 2262 | -6/Proximity Caves | Lost 3 allies 2542 | -6/Proximity Caves | Build established: Mutant 2675 | -6/Proximity Caves | Attracted the attention of an 0b10 outpost 2695 | -6/Proximity Caves | Core integrity fell below 50% 2698 | -6/Proximity Caves | Core integrity fell below 20% 2700 | -6/Proximity Caves | Destroyed by G-67 Veteran with Plasma Rifle Last Messages --------------- Y-64 Sentinel: "REQUESTING BACKUP." Penetrated by Slug. Carbon-fiber Leg destroyed. L-41 Fighter knocked back. Penetrated by Slug. Magnetic Acceleration Cannon destroyed. Aluminum Leg destroyed. Carbon-fiber Leg destroyed. Lgt. Angular Momentum Engine destroyed. Gauss Rifle destroyed. Beamcaster destroyed. Slug penetrates Wall. Overheating: Energy bleed (-20). Destroyed Imp. Melee Analysis Suite. L-41 Fighter system corrupted by crushing effect. L-41 Fighter knocked back. L-41 Fighter system terminally corrupted. Carbon-fiber Leg fried. Penetrated by Slug. Map ----- +----------------------------------------------------+ | ?????????????????????????????????????????????????? | | ?????????????????????????????????????????????????? | | ?????????????????????????????????????????????????? | | ?????????????????????????????????????????????????? | | ?????????????????????????????????????????????????? | | ?????????????????????????????????????????????????? | | ?????????????????????????????????????????????????? | | ?????????????????????????????????????????????????? | | ?????????????????????????????????????????????????? | | ?????????????????????????????????????????????????? | | ?????????????????????????????????????????????????? | | ?????????????????????????????????????????????????? | | ?????????????????????????????????????????????????? | | ?????????????##??????????????????????????????????? | | ?????????????? ?????????????????????????????????? | | ?????????????? #????????????????????????????????? | | ??????????????? ##??????????????????????????????? | | ???????????????? #?????????????????????????????? | | ?????????????????# #????????????????????????????# | | ?????????????????# #####??????????????????????## | | ?????????????? ??# l #????????####??????????# | | ????????? ???# "# #????????# ##??????????# | | ?????????? ??# "; ########## ##?????????? | | ??????????# ????# g =!% ########??? | | ??????????# "# gb % % = ]%! #??? | | ????????# ### ##; %g@ ######## #### #??? | | ????????# % Y % ####??????## !#??# #??# | | ?????????# ####; "#??????????## ##??# #?## | | ??????????????## ######???????####???# #?# | | ??????????????# ### ##?????????????# ### | | ??????????????# ##???###?####?# ## | | ??????????????# ##### ### ### | | ??????????????### ### ## | | ????????????????#% ??## * | | ????????????????#" ##???## ######### % !% | | ????????????????## ??????## ##???????# % | | ?????????????????# %???????####????????# %%## | | ????????????????? %=???????????????????# ## | | ???????????????? ???????????????????## ## %! | | ??????????????? ?????????????????????# ## ! | | ??????????????? ????????????????????? ### | | ?????????????? ????????????????????? #?# # | | ????????????? ##????????????????????? ?# ## | | ????????????? #??????????????????????? ?#% #? | | ?????????????????????????????????????? ### ? | | ?????????????????????????????????????? ##? ? | | ????????????????????????????????????? #?? | | ????????????????????????????????????? ?? ## | | ??????????????????????????????????????###??? ####? | | ?????????????????????????????????????????????????? | +----------------------------------------------------+ Best States ------------- Heat Dissipation 28 Energy Generation 18 Energy Capacity 290 Matter Stores 350 Matter Capacity 350 Sight Range 16 Robot Scan Range 14 Terrain Scan Density 10 Evasion (%) 55 Core Analysis 6 Item Schematics ----------------- Coolant Injector | -7/Zion | Archive Plasma Rifle | -7/Zion | Archive Gauss Rifle | -7/Zion | Archive Adv. Sensor Array | -7/Zion | Archive Lightning Gun | -7/Zion | Archive Lgt. Angular Momentum Engine | -7/Zion | Archive Gatling Laser | -7/Zion | Archive Antigrav System | -7/Zion | Archive Robot Schematics ------------------ L-41 Fighter | -7/Zion | Archive Fabricated ------------ Nothing Alien Tech Used ----------------- None Achievements -------------- It's Just You Robot Respite The One Tourist Challenges ------------ None Game ------ Seed PlasmaTeleporterInsulator Manual? 0 Play Time 00:43:20 Cumulative 3.1 hours Start 2024.10.10 @ 19:02:20 End 2024.10.10 @ 21:58:27 Sessions 2 Manual Loads 0 Difficulty Rogue Special Mode None Game No. 6 Rogue 4 Adventurer 2 Explorer 0 Win Type - Total 0 Types 0/0/0/0/0/0/0/0/0 Lore% 3 Gallery% 8 Achievement% 8 Wizard Run 0 Options --------- Layout 1 ASCII 0 Keyboard 0 Movement Numpad Keybinds 1 Fullscreen 1 Font 32/Terminus Map View 50x35 Zoom Use 0% Tactical HUD 0 Map Filters NONE Filters NONE Steam 1 RUN: efeb2385-5242-4293-bdee-72e02bd2eb6e